 Dungeon Crawl Stone Soup version 0.26.1-11-gd32895ea62 (webtiles) character file.

Game seed: 11611852523956938799

3186 phalm the Destroyer (level 9, -10/46 HPs)
             Began as a Deep Elf Conjurer on May 4, 2021.
             Was an Initiate of Vehumet.
             Shot with an arrow by a centaur (15 damage)
             ... on level 7 of the Dungeon.
             The game lasted 00:16:01 (8131 turns).

phalm the Destroyer (Deep Elf Conjurer)             Turns: 8131, Time: 00:16:02

Health: -10/46     AC:  2    Str:  4    XL:     9   Next: 64%
Magic:  15/27      EV: 13    Int: 27    God:    Vehumet [......]
Gold:   425        SH:  0    Dex: 13    Spells: 7/18 levels left

rFire    . . .     SeeInvis .   b - +2 whip (freeze)
rCold    . . .     Faith    .   (no shield)
rNeg     . . .     Spirit   .   a - +0 robe
rPois    .         Reflect  .   (no helmet)
rElec    .         Harm     .   (no cloak)
rCorr    .         Rampage  .   (no gloves)
Will     .....                  (no boots)
Stlth    ++........             (no amulet)
HPRegen  0.15/turn              W - ring of magical power
MPRegen  0.20/turn              (no ring)

@: no status effects
A: no striking features
a: Renounce Religion


You were on level 7 of the Dungeon.
You worshipped Vehumet.
Vehumet was noncommittal.
You visited 2 branches of the dungeon, and saw 8 of its levels.

You collected 425 gold pieces.


   Skills:
 + Level 0.4 Fighting
 + Level 0.6 Staves
 + Level 0.6 Armour
 + Level 2.7 Dodging
 - Level 2.4 Stealth
 + Level 0.5 Shields
 + Level 5.1 Spellcasting
 * Level 10.6 Conjurations
 + Level 8.1 Hexes
 * Level 7.5 Translocations


You had 7 spell levels left.
You knew the following spells:

 Your Spells              Type           Power        Failure   Level
f - Fulminant Prism       Conj/Hex       27%          1%          4
m - Magic Dart            Conj           100%         1%          1
s - Searing Ray           Conj           100%         1%          2
X - Iskenderun's Mystic   Conj/Tloc      54%          1%          4

Your spell library contained the following spells:

 Spells                   Type           Power        Failure   Level
 Dazzling Flash           Conj/Hex       100%         1%          3
 Beastly Appendage        Tmut           12%          7%          1
 Wereblood                Tmut           6%           11%         2
 Spider Form              Tmut/Pois      3%           22%         3
 Ice Form                 Ice/Tmut       6%           56%         4
 Blade Hands              Tmut           3%           89%         5

Inventory:

Hand Weapons
 b - a +2 whip of freezing (weapon)
   (You took it off a kobold on level 1 of the Dungeon)
 i - a +0 quarterstaff
   (You found it on level 4 of the Dungeon)
Missiles
 y - 5 boomerangs of dispersal {=f}
Armour
 a - a +0 robe (worn)
 h - a +0 kite shield
   (You found it on level 1 of the Dungeon)
 A - +0 steam dragon scales
   (You took it off Maggie on level 7 of the Dungeon)
Jewellery
 F - an uncursed ring of fire
   (You took it off a hobgoblin on level 3 of the Dungeon)
 W - a ring of magical power (left hand)
   (You found it on level 4 of the Dungeon)
Wands
 l - a wand of flame (13)
   (You took it off Sigmund on level 2 of the Dungeon)
 t - a wand of paralysis (10)
   (You found it on level 5 of the Dungeon)
 u - a wand of random effects (5)
   (You found it on level 6 of the Dungeon)
 z - a wand of disintegration (17)
   (You took it off Maggie on level 7 of the Dungeon)
Scrolls
 c - 4 scrolls of remove curse {@r2}
 e - 4 scrolls of enchant weapon
 k - a scroll of immolation {!r!r}
 m - 3 scrolls of torment {unknown}
 n - 5 scrolls of fog {unknown}
 r - 2 scrolls of magic mapping {!r}
 x - a scroll of identify {@r1}
Potions
 d - 2 potions of curing {@q1}
 f - a potion of flight {unknown}
 g - a potion of might {unknown}
 j - 2 potions of mutation {unknown}
 o - 3 potions of brilliance
 p - a potion of ambrosia {unknown}
 q - 2 potions of lignification {unknown}
 s - a potion of haste {unknown}
 v - a potion of cancellation {unknown}
 w - 2 potions of heal wounds {unknown}

Dungeon Overview and Level Annotations

Branches:
Dungeon (7/15)             Temple (1/1) D:4

Altars:
Ashenzari
Dithmenos
Elyvilon
Fedhas
Gozag
Hepliaklqana
Makhleb
Nemelex Xobeh
Okawaru
Qazlal
Ru
Sif Muna
Trog
Uskayaw
Vehumet
Wu Jian
Xom
Yredelemnul
Zin
The Shining One

Portals:
Abyss: D:3

........#.
.....o.).
.........
........#
........#
.......)#
#####...##########
#...(.........
+....@<.......
#..........c..
#.....<.......
#.............
...............
...............)
................
................


You could see a centaur and an orc.


Message History

The magic dart hits the hound. 😮 HP[+1] MP[-1]
You lost 1 mp, and now have 13/27 mp.
Casting: Magic Dart (safe; 1% risk of failure)
Confirm with . or Enter, or press ? or * to list all spells.
Aiming: Searing Ray (safe; 1% risk of failure)
Press: ? - help, Shift-Dir - straight line, f/p - hound
Aim: a hound (severely wounded, 24% to evade)
The searing ray misses the hound. (Press . to maintain the ray.) 😮 MP[-1]
You lost 1 mp, and now have 12/27 mp.
The searing ray hits the hound!
You kill the hound!
Vehumet accepts your kill. 😮 MP[-1]
You lost 1 mp, and now have 11/27 mp.
A centaur comes into view. 😕 HP[+5] MP[+6]
You regained 5 hp, and now have 38/46 hp.
You regained 6 mp, and now have 17/27 mp.
z - a wand of disintegration (17)
Things that are here:
a +2 vorpal halberd; +0 steam dragon scales; the human corpse of Maggie 😕 MP[+1]
A - +0 steam dragon scales An orc wizard comes into view.
It is wielding a +0 dagger. 😕 HP[+1] MP[+1]
The magic dart hits the orc wizard.
The orc wizard shouts!
You hear a shout! 😕 MP[-1]
You lost 1 mp, and now have 18/27 mp.
The magic dart hits the orc wizard.
The orc wizard casts a spell at you. The magic dart hits you!
An orc comes into view. It is wielding a +0 flail. 😮 HP[-7]
You take 7 damage, and now have 32/46 hp.
You are too injured to fight recklessly!
Casting: Magic Dart (safe; 1% risk of failure)
Confirm with . or Enter, or press ? or * to list all spells.
Aiming: Fulminant Prism (dangerous; 1% risk of failure)
Press: ? - help, Dir - move target, p - orc wizard You conjure a prism of explosive energy!
A fulminant prism comes into view. 😮 HP[+1] MP[-4]
You lost 4 mp, and now have 14/27 mp.
You are too injured to fight recklessly!
Aiming: Magic Dart (safe; 1% risk of failure)
Press: ? - help, Q - select action, (/) - cycle Shift-Dir - straight line, f - orc wizard
Aim: an orc wizard, wielding a +0 dagger and wearing a +0 robe (heavily wounded, 0% to evade)
The magic dart hits the orc wizard but does no damage.
The orc throws a boomerang.
The boomerang hits you but does no damage.
The weapon returns to the orc!
The orc wizard points at itself and mumbles some strange words.
The orc wizard flickers and vanishes!
Deactivating autopickup; reactivate with Ctrl-A.
Your fulminant prism crackles loudly. 😮 MP[-1]
You lost 1 mp, and now have 13/27 mp.
Unknown command.
The orc throws a boomerang.
The boomerang barely misses you.
The weapon returns to the orc!
The blast of energy engulfs something!!
Vehumet accepts your kill.
Reactivating autopickup.
You feel a bit more experienced.
The blast of energy engulfs the orc!!
You kill the orc!
Vehumet accepts your kill.
You hear a shout! x2
An orc comes into view.
It is wielding a -3 trident. 😮 MP[+1] 😮 HP[+1]
The centaur shouts!
The centaur wields a +0 shortbow.
The centaur shoots an arrow.
The arrow hits you!
* * * LOW HITPOINT WARNING * * *
You see here an arrow. 😨 HP[-11]
You take 11 damage, and now have 23/46 hp.
MASSIVE DAMAGE!! (PAUSE)
The centaur shoots an arrow.
The arrow hits you.
* * * LOW HITPOINT WARNING * * *
The centaur shoots an arrow.
The arrow hits you!
* * * LOW HITPOINT WARNING * * *
You see here 2 arrows. 😱 HP[-18]
You take 18 damage, and now have 5/46 hp.
MASSIVE DAMAGE!! (PAUSE)
Casting: Magic Dart (safe; 1% risk of failure)
Confirm with . or Enter, or press ? or * to list all spells.
Okay, then.
Throw: 6 boomerangs (disperse) {=f}
Press: ? - help, Shift-Dir - straight line, f - centaur
Aim: a centaur, wielding a +0 shortbow and quivering 15 arrows (68% to hit)
You throw a boomerang of dispersal {=f}.
The boomerang of dispersal {=f} closely misses the centaur.
The orc shouts!
The centaur shoots an arrow.
The arrow hits you!
You die...

Skill      XL: |  1  2  3  4  5  6  7  8  9 |
---------------+----------------------------+-----
Conjurations   | 5 7 8 9 10 | 10.6
Translocations | 2 3 5 6 7 |  7.5
Hexes          | 2 5 7 8 |  8.1
Spellcasting   | 5 |  5.1
Fighting       | |  0.4
Staves         | |  0.6
Armour         | |  0.6
Dodging        | |  2.7
Stealth        | |  2.4
Shields        | |  0.5

Action                   |  1- 3 |  4- 6 |  7- 9 || total
-------------------------+-------+-------+-------++-------
Melee: Whip              |     2 |       |     1 ||     3
Throw: Boomerang         |       |       |     1 ||     1
 Cast: Magic Dart        |    43 |    93 |    76 ||   212
       Searing Ray       |     4 |     7 |    36 ||    47
       Fulminant Prism   |       |       |     3 ||     3
       Iskenderun's Myst |       |       |     2 ||     2
  Use: Scroll            |       |       |     6 ||     6
Armor: Robe              |       |     3 |     1 ||     4
Dodge: Dodged            |     6 |     6 |    13 ||    25

Levels and vault maps discovered:
D:1:      denvon_arrival_planthouse, layout_basic, minmay_misc_feat_more_columns
D:2:      layout_loops_ring, nicolae_overflow_hidden_temple,
          grunt_decor_arrowhead, uniq_sigmund
D:3:      layout_loops_ring, nemelex_xobeh_ov_fountains_minmay,
          gammafunk_ghost_abyssal_escape, serial_rivers,
          chequers_serial_rivers_micro_b, chequers_serial_rivers_room_a,
          chequers_serial_rivers_large_a, chequers_serial_rivers_room_b
D:4:      layout_loops_corners, gammafunk_temple_overflow_elements,
          minmay_temple_entry_sparse_star, grunt_ministairs_9,
          corexii_leaking_fountain
D:5:      minmay_recursive_quarters, layout_loops_ring,
          chequers_temple_overflow_statue_of_worship
D:6:      layout_cave_pods, vehumet_crystals, old_standard_altar
D:7:      layout_gridville, uniq_duvessa, uniq_crazy_yiuf_cottage, uniq_maggie
Temple:   minmay_freezing_vapour_temple

Notes
Turn   | Place    | Note
-------+----------+-------------------------------------------
     0 | D:1      | phalm the Deep Elf Conjurer began the quest for the Orb.
     0 | D:1      | Reached XP level 1. HP: 10/10 MP: 6/6
     0 | D:1      | magus.rc [v1.9.10]
   482 | D:1      | Reached XP level 2. HP: 15/15 MP: 0/8
   485 | D:1      | Learned a level 2 spell: Searing Ray
   587 | D:1      | Reached skill level 5 in Conjurations
  1613 | D:2      | Reached XP level 3. HP: 19/19 MP: 7/9
  1776 | D:2      | Noticed Sigmund
  1790 | D:2      | Killed Sigmund
  1791 | D:2      | Reached skill level 7 in Conjurations
  1791 | D:2      | Reached XP level 4. HP: 10/24 MP: 1/10
  1791 | D:2      | Reached XP level 5. HP: 11/28 MP: 1/11
  1796 | D:2      | Learned a level 4 spell: Iskenderun's Mystic Blast
  2104 | D:2      | Found a burning altar of Makhleb.
  2782 | D:3      | Found a transporter.
  2782 | D:3      | Noticed a small abomination
  2891 | D:3      | Reached skill level 1 in Translocations
  3185 | D:3      | Found a sparkling altar of Nemelex Xobeh.
  3517 | D:3      | Found a transporter.
  3684 | D:4      | Noticed an ogre
  3687 | D:4      | Killed an ogre
  3688 | D:4      | Reached skill level 2 in Translocations
  3688 | D:4      | Reached XP level 6. HP: 9/32 MP: 7/12
  3693 | D:4      | Learned a level 4 spell: Fulminant Prism
  3991 | D:4      | Reached skill level 8 in Conjurations
  3991 | D:4      | Reached skill level 1 in Hexes
  4035 | D:4      | Found a staircase to the Ecumenical Temple.
  4046 | Temple   | Entered the Ecumenical Temple
  4652 | D:4      | Reached skill level 2 in Hexes
  4652 | D:4      | Reached skill level 3 in Translocations
  4652 | D:4      | Reached XP level 7. HP: 23/36 MP: 13/13
  4840 | D:4      | Reached skill level 3 in Hexes
  4977 | D:4      | Noticed a two-headed ogre
  4987 | D:4      | Killed a two-headed ogre
  4988 | D:4      | Reached skill level 9 in Conjurations
  4988 | D:4      | Reached skill level 5 in Hexes
  4988 | D:4      | Reached skill level 5 in Translocations
  4988 | D:4      | Reached XP level 8. HP: 41/41 MP: 6/14
  5236 | D:4      | Found a glowing golden altar of the Shining One.
  5236 | D:4      | Found a broken altar of Ashenzari.
  5464 | D:5      | Entered Level 5 of the Dungeon
  5495 | D:5      | Reached skill level 6 in Hexes
  5957 | D:5      | Reached skill level 6 in Translocations
  6236 | D:5      | Found a glowing silver altar of Zin.
  6238 | D:5      | Found a shadowy altar of Dithmenos.
  6238 | D:5      | Found an iron altar of Okawaru.
  6452 | D:5      | Reached skill level 10 in Conjurations
  6452 | D:5      | Reached skill level 7 in Hexes
  6604 | D:5      | Reached XP level 9. HP: 45/45 MP: 16/16
  6811 | D:6      | Found a hide-covered altar of Uskayaw.
  6915 | D:6      | Reached skill level 4 in Spellcasting
  6967 | D:6      | Found a radiant altar of Vehumet.
  6975 | D:6      | Became a worshipper of Vehumet
  7453 | D:6      | You pick up a book of Changes and begin reading...
  7453 | D:6      | You add the spells Beastly Appendage, Wereblood, Spider
                  | Form, Ice Form and Blade Hands to your library.
  7551 | D:3      | Found a one-way gate to the infinite horrors of the Abyss.
  7551 | D:3      | Noticed roflc0ptic's ghost (amateur OpTm)
  7580 | D:3      | Reached skill level 7 in Translocations
  7609 | D:3      | Killed roflc0ptic's ghost
  7610 | D:3      | Reached skill level 8 in Hexes
  8065 | D:7      | Noticed Maggie
  8070 | D:7      | Killed Maggie
  8071 | D:7      | Reached skill level 5 in Spellcasting
  8130 | D:7      | HP: 5/46 [centaur/arrow (15)]
  8131 | D:7      | Shot with an arrow by a centaur

Vanquished Creatures
  A two-headed ogre (D:4)
  Maggie (D:7)
  Sigmund (D:2)
  The ghost of roflc0ptic the Insei, an amateur OpTm (D:3)
  A sky beast (D:5)
  A black bear (D:7)
  2 phantoms (D:5)
  4 ogres (D:4)
  2 centaurs (D:5)
  3 bullfrogs
  3 scorpions
  2 small abominations (D:3)
  A howler monkey (D:5)
  A crimson imp (D:3)
  A bullfrog zombie (D:6)
  A centaur skeleton (D:5)
  3 hounds
  4 orc priests
  4 orc wizards
  An iguana (D:5)
  A gnoll (D:3)
  3 adders
  A shadow imp (D:5)
  2 white imps (D:5)
  An ooze (D:1)
  An adder skeleton (D:5)
  4 worms
  3 dart slugs
  2 leopard geckos (D:1)
  12 orcs
  8 giant cockroaches
  4 goblins
  5 hobgoblins
  8 jackals
  7 kobolds
  5 bats
  4 frilled lizards
  6 rats
115 creatures vanquished.

Vanquished Creatures (others)
  3 fulminant prisms
3 creatures vanquished.

Grand Total: 118 creatures vanquished

Table legend:
 A = Non-vault XP
 B = Vault XP
 C = Vault XP percentage of total XP
 D = Non-vault monster count
 E = Vault monster count
 F = Vault count percentage of total count
                 A         B        C        D         E       F
            +---------+---------+-------+---------+---------+-------
      Total |    3015 |    1537 |  33.8 |     104 |      11 |   9.6
            +---------+---------+-------+---------+---------+-------
        D:1 |      26 |       0 |   0.0 |      11 |       0 |   0.0
        D:2 |      41 |     231 |  84.9 |      14 |       1 |   6.7
        D:3 |      60 |     513 |  89.5 |      29 |       5 |  14.7
        D:4 |    1553 |     116 |   7.0 |      23 |       1 |   4.2
        D:5 |     665 |     282 |  29.8 |      15 |       3 |  16.7
        D:6 |     461 |       0 |   0.0 |       8 |       0 |   0.0
        D:7 |     209 |     395 |  65.4 |       4 |       1 |  20.0
            +---------+---------+-------+---------+---------+-------

Illustrated notes

Table legend:
 A = Kills in this place as a percentage of kills in entire the game.
 B = Kills by you in this place as a percentage of kills by you in the entire game.
 C = Kills by friends in this place as a percentage of kills by friends in the entire game.
 D = Other kills in this place as a percentage of other kills in the entire game.
 E = Experience gained in this place as a percentage of experience gained in the entire game.
 F = Experience gained in this place divided by the number of levels of this place that you have seen.
                   A       B       C       D       E      F
               +-------+-------+-------+-------+-------+----------------------
         Total | 100.0 | 100.0 |   N/A |   N/A | 100.0 | 569.0
       Dungeon | 100.0 | 100.0 |   N/A |   N/A | 100.0 | 650.3
               +-------+-------+-------+-------+-------+----------------------

Table legend: (Time is in decaauts)
 A = Elapsed time spent in this place.
 B = Non-inter-level travel time spent in this place.
 C = Inter-level travel time spent in this place.
 D = Time resting spent in this place.
 E = Time spent auto-exploring this place.
 F = Levels seen in this place.
 G = Mean time per level.
                   A        B        C        D        E       F      G
               +--------+--------+--------+--------+--------+-----+--------+
         Total |   8154 |   7577 |    577 |     18 |   6974 |   8 | 1019.2 |
       Dungeon |   8128 |   7552 |    576 |     18 |   6965 |   7 | 1161.1 |
        Temple |     25 |     25 |      0 |      0 |      9 |   1 |   25.0 |
               +--------+--------+--------+--------+--------+-----+--------+

Top non-repeatable levels by time:
     D:4: 1642 daAuts
     D:3: 1623 daAuts
     D:5: 1344 daAuts
     D:1: 1240 daAuts
     D:2: 1212 daAuts
     D:6: 993 daAuts
     D:7: 71 daAuts
  Temple: 25 daAuts
